 Dungeon Crawl Stone Soup version 0.27.1-3-gb3d3a73c9e (webtiles) character file.

Game seed: 14619791367864526901

13 junebug69 the Chopper (level 2, 0/27 HPs)
             Began as a Hill Orc Berserker on Oct 16, 2021.
             Was a Follower of Trog.
             Slain by a hobgoblin (1 damage)
             ... on level 2 of the Dungeon.
             The game lasted 00:02:05 (1399 turns).

junebug69 the Chopper (Hill Orc Berserker)          Turns: 1399, Time: 00:02:06

Health: 0/27       AC:  2    Str: 19    XL:     2   Next: 37%
Magic:  2/2        EV: 12    Int:  7    God:    Trog [*.....]
Gold:   37         SH:  0    Dex: 10    Spells: 1/1 levels left

rFire    . . .     SeeInvis .   a - +0 hand axe
rCold    . . .     Faith    .   (no shield)
rNeg     . . .     Spirit   .   b - +0 animal skin
rPois    .         Reflect  .   (no helmet)
rElec    .         Harm     .   (no cloak)
rCorr    .         Rampage  .   (no gloves)
Will     .....                  (no boots)
Stlth    +.........             (no amulet)
HPRegen  0.09/turn              (no ring)
MPRegen  0.08/turn              (no ring)

@: no status effects
A: no striking features
a: Renounce Religion, Berserk


You were on level 2 of the Dungeon.
You worshipped Trog.
Trog was aware of your devotion.
You visited 1 branch of the dungeon, and saw 2 of its levels.

You collected 37 gold pieces.

Inventory:

Hand Weapons
 a - a +0 hand axe (weapon)
 d - a +0 whip
Missiles
 c - 12 stones (quivered)
 j - 28 arrows
Armour
 b - a +0 animal skin (worn)
 e - a +0 ring mail
Scrolls
 h - a scroll of magic mapping {unknown}
 i - 2 scrolls of identify {unknown}
Potions
 f - a potion of haste {unknown}
 g - 2 potions of degeneration {unknown}


   Skills:
 + Level 3.9 Fighting
 + Level 4.4 Axes
 + Level 2.4 Armour
 + Level 1.7 Dodging


You had one spell level left.
You didn't know any spells.
Your spell library contained the following spells:

 Spells                   Type           Power      Damage    Failure   Level
 Shock                    Conj/Air       0%         1d3       43%         1
 Swiftness                Air            0%         N/A       80%         3
 Airstrike                Air            0%         N/A       99%         4


Dungeon Overview and Level Annotations

Branches:
Dungeon (2/15)

Altars:


Message History

You hit the frilled lizard.
You kill the frilled lizard!
Trog accepts your kill.
You hit the endoplasm but do no damage. The endoplasm misses you.
Found a book of the Hunter.
You barely miss the endoplasm.
The endoplasm is heavily wounded.
The endoplasm freezes you.
You are frozen.
You are too injured to fight recklessly!
You hit the endoplasm.
The endoplasm is heavily wounded.
The endoplasm freezes you.
You are frozen.
You are too injured to fight recklessly!
You hit the endoplasm.
You kill the endoplasm!
Trog accepts your kill.
A bat comes into view.
The kobold hits you but does no damage. The kobold hits you with a +0 dagger.
The bat hits you.
* * * LOW HITPOINT WARNING * * *
A hobgoblin comes into view.
The hobgoblin shouts!
The bat hits you but does no damage. The hobgoblin hits you.
* * * LOW HITPOINT WARNING * * *
The hobgoblin hits you.
* * * LOW HITPOINT WARNING * * *
The bat hits you but does no damage. The hobgoblin hits you.
* * * LOW HITPOINT WARNING * * *
You miss the bat. You barely miss the hobgoblin.
You hit the kobold but do no damage. The bat closely misses you.
The bat hits you but does no damage. The hobgoblin misses you.
The kobold barely misses you.
You closely miss the bat. You hit the hobgoblin. You hit the kobold.
You kill the kobold!
Trog accepts your kill.
The bat barely misses you. x2; The hobgoblin hits you.
You die...

.................# #.#
...#.#..#.######.# #.# .
#.#..#.# . ...# .
.#.#..# ## #########
###.#..######........ .
..........#...... ##
..........b......##.##.#
.......@.......##.##..
......g)#.........##.#
.######.#.##...##.##.#
#...........##.#
#.#.###.:##.##.#
#.#.###..##.##.###
#.................
#.#.###..##.##.###
..................


You could see a hobgoblin and a bat.

Vanquished Creatures
  2 endoplasms (D:2)
  A hobgoblin (D:2)
  3 jackals (D:2)
  A ball python (D:2)
  4 frilled lizards (D:2)
  A kobold (D:2)
  2 rats (D:2)
14 creatures vanquished.

Notes
Turn   | Place    | Note
-------+----------+-------------------------------------------
     0 | D:1      | junebug69 the Hill Orc Berserker began the quest for the
                  | Orb.
     0 | D:1      | Reached XP level 1. HP: 19/19 MP: 1/1
   755 | D:2      | Reached XP level 2. HP: 23/27 MP: 2/2
  1397 | D:2      | HP: 1/27 [hobgoblin (5)]
  1399 | D:2      | Slain by a hobgoblin

Illustrated notes

Levels and vault maps discovered:
D:1:      dpeg_arrival_leaves_temple_mockup, layout_basic,
          ebering_ecumenical_altar_sacrificial, serial_bayou,
          serial_bayou_pond_c, serial_bayou_crossing, serial_bayou_shore_b,
          serial_bayou_ford_a
D:2:      layout_basic, lemuel_flame_loot_1

Action                   || total
-------------------------++-------
Melee: Hand axe          ||    43
Throw: Stone             ||     1
Armor: Animal skin       ||    13
Dodge: Dodged            ||    32
